 Dungeon Crawl Stone Soup version 0.31-a0-261-g072fdb8a1f (webtiles) character file.

Game seed: 15797136890540466975

86 gruber the Ruffian (level 4, -2/33 HPs)
             Began as a Demonspawn Shapeshifter on July 13, 2023.
             Killed by divine providence
             ... invoked by an orc priest
              (16 damage)
             ... on level 3 of the Dungeon.
             The game lasted 00:01:38 (1929 turns).

gruber the Ruffian (Demonspawn Shapeshifter)        Turns: 1929, Time: 00:01:39

Health: -2/33      AC:  4    Str: 18    XL:     4   Next: 26%
Magic:  4/4        EV: 12    Int:  9    God:
Gold:   146        SH:  0    Dex: 13    Spells: 1/3 levels left

rFire   . .          .
                       - Unarmed
rCold   . . .        (no shield)
rNeg    + . .        a - +0 animal skin
rPois   .            (helmet currently unavailable)
rElec   .            (cloak currently unavailable)
rCorr   .            (gloves currently unavailable)
SInv    .            (boots currently unavailable)
Will    .....        (no amulet)
Stlth   +            h - ring of positive energy
HPRegen 0.25/turn    (no ring)
MPRegen 0.09/turn

%: no passive effects
@: lethally poisoned (-2 -> -7), beast-form
A: beast (slay +1), molten scales 1, demonic guardian 1
a: Begin Untransformation


You were on level 3 of the Dungeon.
You were a hulking beast.
You visited 1 branch of the dungeon, and saw 3 of its levels.

You collected 146 gold pieces.

Inventory:

Missiles
 i - 6 poisoned darts
Armour
 a - a +0 animal skin (worn)
Jewellery
 h - a ring of positive energy (left hand)
Talismans
 c - a beast talisman
Scrolls
 d - a scroll of brand weapon {unknown}
 e - a scroll of immolation {unknown}
 f - a scroll of identify {unknown}
 j - a scroll of poison {unknown}
Potions
 b - 2 potions of lignification
 g - a potion of might {unknown}
 k - a potion of magic {unknown}
 l - 2 potions of invisibility {unknown}


   Skills:
 - Level 2.0 Fighting
 - Level 1.7 Dodging
 + Level 4.2 Unarmed Combat
 - Level 2.6 Shapeshifting


You had one spell level left.
You knew the following spells:

 Your Spells              Type           Power      Damage    Failure   Level
a - Wereblood             Tmut           0%         N/A       52%         2

Your spell library contained the following spells:

 Spells                   Type           Power      Damage    Failure   Level
 Poisonous Vapours        Pois/Air       0%         N/A       52%         2
 Sublimation of Blood     Necr           0%         N/A       52%         2
 Mephitic Cloud           Conj/Pois/Air  0%         N/A       77%         3
 Freezing Cloud           Conj/Ice/Air   0%         6-21      100%        5
 Summon Hydra             Summ           0%         N/A       100%        7


Dungeon Overview and Level Annotations

Branches:
Dungeon (3/15)

Altars:


Innate Abilities, Weirdness & Mutations

You are a hulking beast.
Your limbs bulge with bestial killing power. (Slay +1)
You are partially covered in molten scales. (AC +2)
A weak demonic guardian rushes to your aid.


Message History

You hit the rat but do no damage.
You hear a shout!
You punch the rat!
You kill the rat!
You closely miss the adder. The adder closely misses you. The adder bites you.
You are poisoned.
The adder poisons you!
You feel sick.
You punch the adder!
The adder is almost dead.
You hear the rusting of a very distant drain.
You feel sick. The adder bites you.
You are more poisoned.
The adder poisons you!
You miss the adder.
The adder is almost dead.
You feel sick. The adder bites you.
You closely miss the adder.
The adder is almost dead.
You feel sick. The adder bites you.
You are more poisoned.
The adder poisons you!
You barely miss the adder.
The adder is severely wounded.
You feel very sick. The adder closely misses you. The adder bites you.
You are too injured to fight recklessly!
You are too injured to fight recklessly!
You barely miss the adder.
The adder is severely wounded.
You feel sick.
A goblin comes into view. It is wielding a +0 club.
The adder barely misses you.
You hit the adder but do no damage.
The adder is severely wounded.
You feel sick. The adder misses you.
The orc priest invokes the aid of Beogh against you.
Beogh smites you!
You die...

#.. . ..P .. ... #
#P. #.##.# ..ยง.
...#.# ###..##....
.........#
#####g.#.#.#
#..hSo.......
#..###....... #..#
.#.#... #..# .#.#
.. #..# .# . . #..#
#.#......... ##<.#
#.#........ #...##
.....#....
#...#..####........


You could see an orc priest, an adder and a goblin.

Vanquished Creatures
  2 adders (D:2)
  2 worms (D:2)
  A dart slug (D:1)
  2 endoplasms
  4 giant cockroaches
  10 hobgoblins
  3 quokkas
  4 ball pythons
  A frilled lizard (D:1)
  13 goblins
  4 kobolds
  7 rats
  A spectral goblin (D:1)
54 creatures vanquished.

Notes
Turn   | Place    | Note
-------+----------+-------------------------------------------
     0 | D:1      | gruber the Demonspawn Shapeshifter began the quest for the
                  | Orb.
     0 | D:1      | Reached XP level 1. HP: 16/16 MP: 1/1
    34 | D:1      | Reached skill level 2 in Unarmed Combat
   124 | D:1      | Gained mutation: A weak demonic guardian rushes to your
                  | aid. [demonic ancestry]
   124 | D:1      | Reached XP level 2. HP: 7/22 MP: 2/2
   224 | D:1      | Found a faded altar of an unknown god.
   418 | D:1      | Reached skill level 3 in Unarmed Combat
   540 | D:1      | Reached XP level 3. HP: 27/27 MP: 3/3
  1355 | D:2      | Reached skill level 4 in Unarmed Combat
  1355 | D:2      | Gained mutation: You are partially covered in molten
                  | scales. (AC +2) [demonic ancestry]
  1355 | D:2      | Reached XP level 4. HP: 26/33 MP: 4/4
  1605 | D:2      | Learned a level 2 spell: Wereblood
  1929 | D:3      | Killed from afar by an orc priest

Illustrated notes

Levels and vault maps discovered:
D:1:      dpeg_arrival_lava_temple_mockup, layout_basic,
          dreamdust_ecumenical_altar_drowned_temple, minmay_crystal_room,
          minmay_cut_off
D:2:      layout_basic, minivault_25, minmay_pentomino_r4
D:3:      layout_loops_ring, xom_redecorated, nicolae_hepliaklqana_hazy_memory,
          mainiacjoe_overflow_24_doors, lightli_sewer_entry_pipes,
          minmay_misc_feat_diagonals, uniq_crazy_yiuf_cottage

Skill      XL: |  1  2  3 |
---------------+----------+-----
Unarmed Combat | 2 3 4 |  4.2
Fighting       | |  2.0
Dodging        | |  1.7
Shapeshifting  | |  2.6

Action                     |  1- 3 |  4- 6 || total
---------------------------+-------+-------++-------
  Melee: Unarmed           |   122 |    34 ||   156
         Punch             |     3 |     1 ||     4
   Stab: Sleeping          |     1 |       ||     1
 Armour: Animal skin       |    15 |     2 ||    17
  Dodge: Dodged            |    60 |    13 ||    73

Table legend: (Time is in decaauts)
 A = Elapsed time spent in this place.
 B = Non-inter-level travel time spent in this place.
 C = Inter-level travel time spent in this place.
 D = Time resting spent in this place.
 E = Time spent auto-exploring this place.
 F = Levels seen in this place.
 G = Mean time per level.
                   A        B        C        D        E       F      G
               +--------+--------+--------+--------+--------+-----+--------+
         Total |   1929 |   1888 |     41 |      0 |   1548 |   3 |  643.0 |
       Dungeon |   1929 |   1888 |     41 |      0 |   1548 |   3 |  643.0 |
               +--------+--------+--------+--------+--------+-----+--------+

Top non-repeatable levels by time:
     D:1: 930 daAuts
     D:2: 844 daAuts
     D:3: 155 daAuts
